 Dungeon Crawl Stone Soup version 0.29.1-12-g30fa7ad0bf (webtiles) character file.

Game seed: 14317924309003917528

1053 suipiss the Reanimator (level 8, -12/67 (78) HPs)
             Began as a Demonspawn Necromancer on Jan 12, 2023.
             Mangled by a hell rat (13 damage)
             ... in a sewer.
             The game lasted 00:08:49 (5711 turns).

suipiss the Reanimator (Demonspawn Necromancer)     Turns: 5711, Time: 00:08:49

HP:   -12/67 (78)   AC: 24    Str: 14    XL:     8   Next: 5%
MP:   16/16         EV:  2    Int: 20    God:
Gold: 288           SH:  0    Dex: 13    Spells: 9/18 levels left

rFire   + . .      SeeInvis .   e - +0 short sword (venom)
rCold   + . .      Faith    .   (no shield)
rNeg    . . .      Spirit   .   (body armour currently unavailable)
rPois   +          Reflect  .   (helmet currently unavailable)
rElec   +          Harm     .   (cloak currently unavailable)
rCorr   +          Rampage  .   (gloves currently unavailable)
Will    .....      NoTele   +   (boots currently unavailable)
Stlth   ++........              (no amulet)
HPRegen 0.21/turn               w - +6 ring of strength
MPRegen 0.15/turn               (no ring)

@: tree-form, resistant, heavily drained
A: stationary, stasis, torment immunity, boosted hp, foul stench 2, (sharp
scales 2), (demonic touch 2)
a: no special abilities


You were in a sewer.
You were a tree.
You visited 1 branch of the dungeon, and saw 5 of its levels.
You also visited: Sewer.

You collected 288 gold pieces.

Inventory:

Hand Weapons
 c - a +0 dagger
 e - a +0 short sword of venom (weapon)
Armour
 a - a +0 robe (melded)
 p - a +2 cloak (melded)
 v - a +1 pair of gloves
Jewellery
 w - a +6 ring of strength (left branch)
Wands
 x - a wand of roots (14)
Scrolls
 d - 2 scrolls of immolation
 j - a scroll of torment
 k - a scroll of butterflies
Potions
 b - 4 potions of magic
 f - a potion of haste
 g - a potion of lignification
 m - a potion of invisibility {unknown}
 n - a potion of attraction {unknown}
 o - a potion of flight {unknown}
 q - 2 potions of mutation {unknown}
 r - a potion of degeneration {unknown}
 t - 3 potions of brilliance {unknown}


   Skills:
 - Level 1.7 Dodging
 - Level 1.7 Stealth
 * Level 5.9 Spellcasting
 * Level 3.1 Conjurations
 * Level 8.1 Necromancy


You had 9 spell levels left.
You knew the following spells:

 Your Spells              Type           Power      Damage    Failure   Level
a - Necrotise             Necr           100%       1d9       1%          1
b - Vampiric Draining     Necr           38%        2d8       1%          3
c - Agony                 Necr           38%        N/A       11%         5

Your spell library contained the following spells:

 Spells                   Type           Power      Damage    Failure   Level
 Animate Dead             Necr           38%        N/A       3%          4
 Gell's Gravitas          Tloc           5%         N/A       32%         3
 Lesser Beckoning         Tloc           5%         N/A       32%         3
 Summon Guardian Golem    Hex/Summ       5%         N/A       32%         3
 Teleport Other           Tloc           5%         N/A       32%         3
 Dispersal                Tloc           2%         N/A       100%        6
 Orb of Destruction       Conj           9%         9d6       100%        7
 Spellforged Servitor     Conj/Summ      6%         N/A       100%        7


Dungeon Overview and Level Annotations

Branches:
Dungeon (5/15)              Sewer (1/1)
 Temple: D:4-7

Altars:
Yredelemnul


Innate Abilities, Weirdness & Mutations

You are a tree.
Your roots penetrate the ground, keeping you stationary.
You cannot be teleported.
You are immune to unholy pain and torment.
Your maximum health is greatly increased.
Your equipment is partially melded.
You sometimes emit foul miasma when damaged in melee.
((You are mostly covered in razor-sharp scales. (AC +2, Slay +2)))
((Your touch may inflict irresistible damage on your foes.))


Message History

Found six items.
Found a gate leading back out of this place.
The hell rat roars deafeningly!
There is an open door here.
Casting: Vampiric Draining (safe; 1% risk of failure)
Confirm with . or Enter, or press ? or * to list all spells.
You can't see any susceptible monsters within range! (Use Z to cast anyway.) Unknown command.
You hit the hell rat but do no damage. You hit the hell rat.
The hell rat is moderately wounded.
The hell rat bites you! x2; You feel drained.
You are too injured to fight recklessly!
Really quaff the potion of lignification?
You turn into a tree.
Your +2 cloak melds into your body.
Your +0 robe melds into your body.
Your roots penetrate the ground.
The hell rat bites you but does no damage.
You hit the hell rat but do no damage.
The hell rat is poisoned.
The hell rat is moderately wounded.
The hell rat splashes around in the water.
You barely miss the hell rat.
The hell rat is moderately wounded.
The hell rat bites you but does no damage.
You hit the hell rat but do no damage.
The hell rat looks as sick as possible!
The hell rat is moderately wounded.
The hell rat bites you!
* * * LOW HITPOINT WARNING * * *
You feel drained.
* * * LOW HITPOINT WARNING * * *
The hell rat bites you!
* * * LOW HITPOINT WARNING * * *
You feel drained.
* * * LOW HITPOINT WARNING * * *
Okay, then.
Okay, then.
Okay, then.
It was a potion of resistance.
You feel protected. The hell rat bites you!
You die...

###~~.###
#..~...~#
##~.~.~~.##
#~..###~~.#
##†~##.##..##
#~..#~~.#~~.#
#~.##$~~##.~#
#..#?!~~.#.~#
#∩∩#∩!~~r♣..#
#.~#?!~~~#†.#
#..##!.~##~~#
#~~.#~~~ ...#
##.~##~ #..##
#~.~## .~.#
##~~. r~.##
.r.~.~~ ~.##


You could see a hell rat (extremely poisoned).

Vanquished Creatures
  Sigmund (D:4)
  Menkaure (D:4)
  An ice beast (D:5)
  Blork the orc (D:4)
  A necrophage (D:4)
  A wight (D:4)
  A centaur zombie (D:4)
  2 orc priests
  A human zombie (D:4)
  A jelly (D:5)
  3 iguanas
  Terence (D:2)
  A scorpion zombie (D:4)
  A hound zombie (D:4)
  4 mummies (D:4)
  2 adders
  2 river rats (Sewer)
  An ufetubus (D:4)
  An adder zombie (D:4)
  6 worms
  5 dart slugs
  12 orcs
  4 bats
  6 endoplasms
  3 giant cockroaches
  11 goblins
  2 hobgoblins
  10 jackals
  9 kobolds
  A quokka (D:3)
  6 ball pythons (D:1)
  3 frilled lizards (D:1)
  A quokka zombie (D:4)
  9 rats
115 creatures vanquished.

Notes
Turn   | Place    | Note
-------+----------+-------------------------------------------
     0 | D:1      | suipiss the Demonspawn Necromancer began the quest for the
                  | Orb.
     0 | D:1      | Reached XP level 1. HP: 13/13 MP: 3/3
   298 | D:1      | Gained mutation: You may rarely emit foul miasma when
                  | damaged in melee. [demonic ancestry]
   298 | D:1      | Reached XP level 2. HP: 19/19 MP: 1/5
  1119 | D:1      | Reached skill level 5 in Necromancy
  1626 | D:2      | Gained mutation: Your touch may inflict minor irresistible
                  | damage on your foes. [demonic ancestry]
  1626 | D:2      | Reached XP level 3. HP: 23/24 MP: 7/7
  1630 | D:2      | Learned a level 3 spell: Vampiric Draining
  2244 | D:2      | Noticed Terence
  2269 | D:2      | Killed Terence
  2270 | D:2      | Reached XP level 4. HP: 17/30 MP: 1/8
  3158 | D:3      | Gained mutation: Your touch may inflict irresistible damage
                  | on your foes. [demonic ancestry]
  3158 | D:3      | Reached XP level 5. HP: 33/35 MP: 10/10
  3779 | D:3      | Reached skill level 6 in Necromancy
  4641 | D:4      | Gained mutation: You sometimes emit foul miasma when
                  | damaged in melee. [demonic ancestry]
  4641 | D:4      | Reached XP level 6. HP: 38/41 MP: 12/12
  4670 | D:4      | Noticed Menkaure
  4670 | D:4      | Noticed Sigmund
  4680 | D:4      | Killed Sigmund
  4681 | D:4      | Reached skill level 7 in Necromancy
  4681 | D:4      | Noticed Blork the orc
  4698 | D:4      | Killed Blork the orc
  4699 | D:4      | Reached skill level 5 in Spellcasting
  4751 | D:4      | Learned a level 5 spell: Agony
  4842 | D:4      | Killed Menkaure
  4843 | D:4      | Reached skill level 1 in Conjurations
  4843 | D:4      | Gained mutation: You are partially covered in razor-sharp
                  | scales. (AC +1, Slay +1) [demonic ancestry]
  4843 | D:4      | Reached XP level 7. HP: 46/46 MP: 14/14
  5026 | D:4      | Found a basalt altar of Yredelemnul.
  5371 | D:5      | Entered Level 5 of the Dungeon
  5400 | D:5      | Reached skill level 8 in Necromancy
  5532 | D:5      | Gained mutation: You are mostly covered in razor-sharp
                  | scales. (AC +2, Slay +2) [demonic ancestry]
  5532 | D:5      | Reached XP level 8. HP: 51/52 MP: 16/16
  5548 | D:5      | Found a glowing drain.
  5596 | Sewer    | Entered a sewer
  5710 | Sewer    | HP: 2/70 [hell rat (10)]
  5711 | Sewer    | Mangled by a hell rat

Illustrated notes

Levels and vault maps discovered:
D:1:      minmay_arrival_checkered_box, layout_basic, hex_large,
          minmay_misc_feat_pillars, minmay_misc_feat_iff, minmay_tetromino_l4
D:2:      layout_basic, uniq_terence
D:3:      layout_loops_cross, serial_rivers, chequers_serial_rivers_micro_e,
          chequers_serial_rivers_micro_e, chequers_serial_rivers_micro_e,
          chequers_serial_rivers_room_b, chequers_serial_rivers_micro_c
D:4:      layout_basic, lemuel_mausoleum_altar_yredelemnul, uniq_menkaure,
          uniq_blork_the_orc, uniq_sigmund
D:5:      layout_loops_corners, minmay_temple_entry_statues_pillars,
          cheibrodos_sewer_entry_bend, uniq_duvessa
Sewer:    sewer_hellmonk_bad_rat

Skill      XL: |  1  2  3  4  5  6  7 |
---------------+----------------------+-----
Necromancy     | 5 6 7 8 |  8.1
Spellcasting   | 3 4 5 |  5.9
Conjurations   | 1 3 |  3.1
Dodging        | |  1.7
Stealth        | |  1.7

Action                   |  1- 3 |  4- 6 |  7- 9 || total
-------------------------+-------+-------+-------++-------
Melee: Unarmed           |     6 |       |       ||     6
       Short sword       |    84 |   116 |   113 ||   313
       Punch             |     1 |       |     2 ||     3
       Touch             |     4 |    30 |    28 ||    62
 Cast: Necrotise         |     9 |       |       ||     9
       Vampiric Draining |     2 |     4 |     1 ||     7
Evoke: Wand              |       |     1 |       ||     1
  Use: Scroll            |     5 |     5 |     3 ||    13
       Potion            |       |     3 |     2 ||     5
 Stab: Sleeping          |     1 |     2 |     5 ||     8
Armor: Robe              |    13 |    28 |    25 ||    66
       Skin              |       |       |     2 ||     2
Dodge: Dodged            |    63 |    65 |    66 ||   194
